 Dungeon Crawl Stone Soup version 0.30.1-4-g462c640d31 (webtiles) character file.

Game seed: 4232074791764827513

6638 GordonOverkill the Fighter (level 11, -11/85 HPs)
             Began as a Djinni Reaver on Aug 17, 2023.
             Was an Initiate of Gozag.
             Mangled by an ice devil (34 damage)
             ... on level 8 of the Dungeon.
             The game lasted 00:19:44 (9642 turns).

GordonOverkill the Fighter (Djinni Reaver)          Turns: 9642, Time: 00:19:45

Health: -11/85     AC: 15    Str:  9      XL:     11   Next: 22%
Gold:   885        EV: 11    Int: 18 (21) God:    Gozag SH:  0 Dex: 12 (13)

rFire   + + +        t - +8 whip of Articulation {drain, +Blink}
rCold   x x .        (no shield)
rNeg    . . .        J - +3 leather armour
rPois   ∞            k - +2 helmet
rElec   .            (no cloak)
rCorr   .            i - +1 pair of gloves "Deferi Yruyd" {MP+9 Int+3 Stlth+}
SInv    .            (boots unavailable)
Will    +....        e - amulet of regeneration
Stlth   ++           c - +4 ring of protection
HPRegen 1.14/turn    B - ring of protection from fire
MPRegen 0.00/turn

%: infuse magic (-12 HP)
@: flying, unable to drink
A: sickness immunity, fire resistance 2, cold vulnerability 2, float, innate
caster, HP casting, extra vitality 1, weak 1, inability to drink after injury 1
a: Renounce Religion, Evoke Blink, Potion Petition, Call Merchant, Bribe Branch


You were on level 8 of the Dungeon.
You worshipped Gozag.
Gozag was pleased with you.
You visited 2 branches of the dungeon, and saw 10 of its levels.

You collected 1005 gold pieces.
You spent 75 gold pieces at shops.
You paid 45 gold pieces to Gozag.

Inventory:

Hand Weapons
 t - the +8 whip of Articulation (weapon) {drain, +Blink}
   (You took it off an orc on level 4 of the Dungeon)

   +Blink:    It lets you blink.
 G - the +6 hand axe of Butchery {antimagic, rElec rC+}
   (You found it on level 6 of the Dungeon)

   rC:        It protects you from cold.
   rElec:     It insulates you from electricity.
Armour
 i - the +1 pair of gloves "Deferi Yruyd" (worn) {MP+9 Int+3 Stlth+}
   (You acquired it on level 9 of the Dungeon)

   Int:       It affects your intelligence (+3).
   MP:        It affects your magic capacity (+9).
   Stlth:     It makes you more stealthy.
 k - a +2 helmet (worn)
 J - a +3 leather armour (worn)
Magical Staves
 L - a staff of fire
Jewellery
 c - a +4 ring of protection (left hand)
 e - an amulet of regeneration (around neck)
 B - a ring of protection from fire (right hand)
Wands
 b - a wand of quicksilver (10)
 m - a wand of roots (9)
 A - a wand of flame (27)
 H - a wand of charming (8)
Scrolls
 n - 2 scrolls of teleportation
 o - a scroll of identify
 p - a scroll of silence {unknown}
 r - a scroll of fog
 D - a scroll of poison
Potions
 a - a potion of cancellation {unknown}
 d - a potion of magic {unknown}
 f - 3 potions of flight {unknown}
 g - 2 potions of degeneration {unknown}
 h - 5 potions of curing
 j - 2 potions of brilliance
 l - 2 potions of might
 q - 2 potions of berserk rage
 v - a potion of heal wounds
 w - 3 potions of haste
 x - a potion of invisibility
 z - 2 potions of mutation
 F - a potion of attraction
 I - a potion of ambrosia
 K - a potion of lignification


   Skills:
 + Level 10.0 Fighting
 - Level 4.0 Long Blades
 + Level 8.0 Maces & Flails
 + Level 0.4 Armour
 + Level 2.3 Dodging
 - Level 7.0 Spellcasting
 + Level 0.4 Evocations


You knew the following spells:

 Your Spells              Type           Power      Damage    Failure   Level
a - Kiss of Death         Conj/Necr      100%       2d13      1%          1
b - Momentum Strike       Conj/Tloc      62%        3d9       1%          2
c - Hailstorm             Conj/Ice       31%        3d8       2%          3
d - Summon Small Mammal   Summ           100%       N/A       1%          1
e - Scorch                Fire           62%        2d7       1%          2
f - Lesser Beckoning      Tloc           62%        N/A       1%          2
g - Vhi's Electric Charg  Tloc/Air       62%        N/A       2%          3
h - Cause Fear            Hex            15%        N/A       9%          4
Your spell library was empty.

Dungeon Overview and Level Annotations

Branches:
Dungeon (9/15)             Temple (1/1) D:6            Lair (0/5) D:9
    Orc: D:9-12

Altars:
Ashenzari
Dithmenos
Gozag
Hepliaklqana
Makhleb
Nemelex Xobeh
Okawaru
Qazlal
Ru
Trog
Uskayaw
Wu Jian
Xom
Zin
The Shining One

Shops:
D:5 *


Innate Abilities, Weirdness & Mutations

You are immune to sickness and miasma.
You are immune to poison.
Your flesh is very heat resistant. (rF++)
You are very vulnerable to cold. (rC--)
You float through the air rather than walking.
You learn spells naturally, not from books.
Your magical power is your life essence.
You have superior vitality. (+4 MHP)
You are weak. (Str -2)
You occasionally lose the ability to drink potions when taking damage.


Message History

Aiming: Quicksilver Bolt
Press: ? - help, Shift-Dir - straight line, f - ice devil
Aim: an ice devil (71% to hit)
The bolt of dispelling energy misses the ice devil.
Aiming: Quicksilver Bolt
Press: ? - help, Shift-Dir - straight line, f/p - ice devil
Aim: an ice devil (71% to hit)
The bolt of dispelling energy misses the ice devil.
Aiming: Quicksilver Bolt
Press: ? - help, Shift-Dir - straight line, f/p - ice devil
Aim: an ice devil (71% to hit)
The bolt of dispelling energy hits the ice devil!!
The ice devil is heavily wounded.
You hit the ice devil.
The ice devil is heavily wounded.
You hit the ice devil.
The ice devil is heavily wounded.
The ice devil barely misses you.
You hit the ice devil but do no damage.
The ice devil is heavily wounded.
The ice devil barely misses you.
You hit the ice devil but do no damage.
The ice devil is heavily wounded.
You whack the ice devil!
The ice devil is severely wounded.
The ice devil hits you. The ice devil freezes you!!
You feel a terrible chill!
You hit the ice devil.
The ice devil is almost dead.
The ice devil hits you.
* * * LOW HITPOINT WARNING * * *
The ice devil freezes you!!
You feel a terrible chill!
You feel threatened and lose the ability to drink potions!
* * * LOW HITPOINT WARNING * * *
You hit the ice devil but do no damage.
The ice devil is almost dead.
The ice devil hits you!
* * * LOW HITPOINT WARNING * * *
The ice devil freezes you!!
You feel a terrible chill!
You die...
Your body crumbles into a pile of gold.

### ##.#########
#.#........######
##.####.##....... ##############
#.# #..########
#............#####.####...## #
#............#.............######
#...#######.>.[......>..#..####..
.......#........@4......#..###...
.......#.....#..........#..###...
..#########.##<###.######..##..#.
.....#......##.# #.# ###..#..##
.....#......##.# #.# #.##....##
#########......# #.# #.###...##
...#........##.###.#####.# ######
...#...................#.# ##
#######..#.###.###.###.#.# #.


You could see an ice devil.

Vanquished Creatures
  An orange demon (D:9)
  A hornet (D:9)
  3 wyverns (D:9)
  11 yaks
  2 basilisks (D:9)
  A steam dragon (D:7)
  Menkaure (D:4)
  2 water moccasins
  4 orc warriors
  An ice beast (D:7)
  A sky beast (D:7)
  2 black bears
  2 ogres
  2 centaurs
  2 phantoms
  2 kobold brigands
  5 bullfrogs
  2 scorpions
  3 wights (D:9)
  9 killer bees (D:8)
  5 vampire bats (D:4)
  2 howler monkeys
  2 quasits (D:9)
  6 orc priests
  3 hounds
  2 jellies
  A sleepcap (D:5)
  2 orc wizards
  2 iguanas
  12 adders
  2 gnolls (D:5)
  A shadow imp (D:5)
  A white imp (D:7)
  2 ufetubi
  A worm (D:4)
  5 dart slugs
  23 orcs
  3 bat skeletons (D:4)
  2 bat zombies (D:4)
  9 endoplasms
  A giant cockroach (D:1)
  7 goblins
  7 hobgoblins
  2 jackals (D:2)
  3 quokkas
  2 ball pythons
  12 bats
  5 frilled lizards (D:2)
  17 kobolds
  8 rats
207 creatures vanquished.

Vanquished Creatures (others)
  A water moccasin (D:7)
  A jelly (D:7)
  3 gnolls (D:7)
5 creatures vanquished.

Grand Total: 212 creatures vanquished

Notes
Turn   | Place    | Note
-------+----------+-------------------------------------------
     0 | D:1      | GordonOverkill the Djinni Reaver began the quest for the
                  | Orb.
     0 | D:1      | GordonOverkill set off with the following spells memorised:
                  | Kiss of Death, Momentum Strike, Hailstorm.
     0 | D:1      | Reached XP level 1. HP: 18/18 MP: 0/0
   165 | D:1      | Reached XP level 2. HP: 22/22 MP: 0/0
   216 | D:1      | You are sucked into a shaft and drop 1 floor!
   633 | D:2      | Reached XP level 3. HP: 24/29 MP: 0/0
   633 | D:2      | Learned a level 1 spell: Summon Small Mammal
  1386 | D:1      | Reached XP level 4. HP: 34/34 MP: 0/0
  1870 | D:3      | Found a sparkling altar of Nemelex Xobeh.
  2049 | D:3      | Reached skill level 3 in Fighting
  2364 | D:3      | Reached XP level 5. HP: 40/40 MP: 0/0
  2364 | D:3      | Learned a level 2 spell: Scorch
  2829 | D:4      | Noticed a phantom
  2838 | D:4      | Killed a phantom
  2841 | D:4      | Reached XP level 6. HP: 31/46 MP: 0/0
  3201 | D:4      | Reached skill level 4 in Fighting
  3310 | D:4      | Identified the +8 whip of Articulation {drain, +Blink}
  3381 | D:4      | Noticed a black bear
  3387 | D:4      | Killed a black bear
  3388 | D:4      | Reached XP level 7. HP: 34/45 MP: 0/0
  3388 | D:4      | Learned a level 2 spell: Lesser Beckoning
  3547 | D:4      | Reached skill level 1 in Maces & Flails
  3747 | D:4      | Noticed Menkaure
  3749 | D:4      | Killed Menkaure
  3905 | D:4      | Reached skill level 5 in Fighting
  3966 | D:4      | Reached XP level 8. HP: 45/59 MP: 0/0
  4311 | D:5      | Entered Level 5 of the Dungeon
  4346 | D:5      | Found Juhoucoys's Assorted Antiques.
  4354 | D:5      | Bought a scroll labelled ORUB QEEMYUR for 26 gold pieces
  4354 | D:5      | Bought an orange potion for 23 gold pieces
  4354 | D:5      | Bought a scroll labelled QAFREJ YKHLUS for 26 gold pieces
  4814 | D:5      | Reached skill level 5 in Spellcasting
  5406 | D:6      | Found a staircase to the Ecumenical Temple.
  5693 | Temple   | Entered the Ecumenical Temple
  5724 | Temple   | Became a worshipper of Gozag Ym Sagoz the Greedy
  5828 | D:6      | Reached XP level 9. HP: 39/65 MP: 0/0
  5828 | D:6      | Learned a level 3 spell: Vhi's Electric Charge
  6044 | D:6      | Identified the +6 hand axe of Butchery {antimagic, rElec
                  | rC+}
  6659 | D:7      | Reached skill level 6 in Fighting
  6698 | D:7      | Reached skill level 5 in Maces & Flails
  7113 | D:7      | Identified the staff of death "Uta Vat" {Fly rN+ Dex+2}
  7203 | D:7      | Found a bloodstained altar of Trog.
  7203 | D:7      | Found a hazy altar of Hepliaklqana.
  7892 | D:8      | Reached skill level 7 in Fighting
  8034 | D:8      | Found a glowing golden altar of the Shining One.
  8077 | D:8      | Reached XP level 10. HP: 58/62 MP: 0/0
  8733 | D:9      | Noticed an orange demon
  8738 | D:9      | Killed an orange demon
  8744 | D:9      | Reached skill level 8 in Fighting
  8842 | D:9      | Identified a scroll of acquirement
  8842 | D:9      | Acquired the +1 pair of gloves "Deferi Yruyd" {MP+9 Int+3
                  | Stlth+}
  8941 | D:9      | Reached skill level 9 in Fighting
  8951 | D:9      | Reached XP level 11. HP: 63/84 MP: 0/0
  8951 | D:9      | Learned a level 4 spell: Cause Fear
  9017 | D:9      | Found a staircase to the Lair.
  9044 | D:9      | Found a flagged portal.
  9047 | D:9      | Gained mutation: You occasionally lose the ability to drink
                  | potions when taking damage. [a neqoxec]
  9048 | D:9      | Noticed a sun demon
  9048 | D:9      | Gained mutation: You are weak. (Str -2) [a neqoxec]
  9339 | D:9      | Noticed a sun demon
  9393 | D:9      | HP: 2/85 [ice devil (34)]
  9549 | D:9      | Reached skill level 10 in Fighting
  9602 | D:9      | Gained mutation: You are very vulnerable to cold. (rC--) [a
                  | neqoxec]
  9642 | D:8      | Mangled by an ice devil

Illustrated notes

Levels and vault maps discovered:
D:1:      amcnicky_arrival_gap_in_the_tavern_cellar, layout_rooms,
          roderic_serpentine_path
D:2:      layout_basic, st_stairs_3
D:3:      minmay_razor_zed, layout_loops_ring, nemelex_spade_bored_becter,
          serial_aquarium, aquarium_bridge_square [aquarium_subvault_wall,
          aquarium_subvault_window, aquarium_subvault_bridge,
          aquarium_subvault_bridge], aquarium_window_fake, aquarium_window_3,
          aquarium_window_fake, aquarium_view_2c, aquarium_view_2f,
          aquarium_pool_2, chequers_serial_rivers_small_a,
          chequers_serial_rivers_small_b
D:4:      layout_basic, kennysheep_vampire_church, serial_bayou_pond_d,
          kennysheep_path_1, roderic_batcave, uniq_menkaure
D:5:      layout_loops_ring, overflow_temple_1_default, serial_shops, shop,
          abandoned_shop, dreamdust_gnoll_farm
D:6:      layout_cave_pools, minmay_temple_entry_overgrown, portal_sewer_entry_e
D:7:      layout_basic, gammafunk_temple_overflow_wave
D:8:      layout_loops_ring, lemuel_tele_altar, hangedman_glass_teeth,
          hangedman_abyss_or_decor_stagger, chequers_serial_rivers_micro_e,
          nicolae_titane
D:9:      layout_roguey, mainiacjoe_overflow_catwalk, minmay_lair_entry_grove,
          hiddenorc2_lemuel, enter_bailey_2, serial_demonic, serial_demonic_a,
          serial_demonic_c, serial_demonic_g, serial_demonic_e,
          serial_demonic_a, serial_demonic_d, serial_demonic_a, serial_demonic_c
Temple:   eino_wide_crystal_templ

Skill      XL: |  1  2  3  4  5  6  7  8  9 10 11 |
---------------+----------------------------------+-----
Long Blades    | 3 4 |  4.0
Fighting       | 3 4 5 7 9 10 | 10.0
Spellcasting   | 3 4 5 6 7 |  7.0
Maces & Flails | 2 4 5 7 8 |  8.0
Armour         | |  0.4
Dodging        | |  2.3
Evocations     | |  0.4

Action                     |  1- 3 |  4- 6 |  7- 9 | 10-12 || total
---------------------------+-------+-------+-------+-------++-------
  Melee: Falchion          |    96 |    56 |       |       ||   152
         Punch             |       |     1 |       |     2 ||     3
         Whip              |       |       |     9 |   103 ||   112
         Staff             |       |       |       |     9 ||     9
   Cast: Kiss of Death     |     1 |     2 |     2 |       ||     5
         Momentum Strike   |    10 |     3 |       |       ||    13
         Scorch            |       |    32 |   183 |    80 ||   295
         Hailstorm         |       |       |     2 |     1 ||     3
         Summon Small Mamm |       |       |       |     1 ||     1
  Evoke: Wand              |       |       |     1 |     3 ||     4
    Use: Scroll            |       |       |     1 |    24 ||    25
 Armour: Leather armour    |    35 |    36 |    59 |   102 ||   232
  Dodge: Dodged            |    68 |    37 |    86 |   103 ||   294
